 Dungeon Crawl Stone Soup version 0.28.0-45-g0d030f2227 (webtiles) character file.

Game seed: 15438727852080128563

9625 Ablot the Thaumaturge (level 11, -2/86 HPs)
             Began as a Gnoll Warper on Apr 1, 2022.
             Was a High Priest of Okawaru.
             Shot with an arrow by a centaur warrior (15 damage)
             ... on level 11 of the Dungeon.
             The game lasted 00:35:27 (11378 turns).

Ablot the Thaumaturge (Gnoll Warper)               Turns: 11378, Time: 00:35:28

Health: -2/86      AC: 17    Str: 18    XL:     11   Next: 49%
Magic:  31/32      EV: 12    Int: 12    God:    Okawaru [*****.]
Gold:   388        SH:  0    Dex:  6    Spells: 22/26 levels left

rFire   + . .      SeeInvis .   r - +2 demon whip (elec)
rCold   + . .      Faith    .   (no shield)
rNeg    . . .      Spirit   .   W - +0 acid dragon scales
rPois   +          Reflect  .   (no helmet)
rElec   +          Harm     .   R - +0 cloak {Will+}
rCorr   +          Rampage  .   e - +2 pair of gloves
Will    ++++.                   l - +0 pair of boots
Stlth   ++........              S - amulet of regeneration
HPRegen 1.04/turn               q - +4 ring of protection
MPRegen 0.23/turn               f - ring of Meibreur {+Blink Will+++ MP+9 Str+2 Dex-5}

@: resistant
A: fangs 1, strong nose, distributed training
a: Renounce Religion, Evoke Blink, Heroism, Finesse, Duel


You were on level 11 of the Dungeon.
You worshipped Okawaru.
Okawaru was extremely pleased with you.
You visited 2 branches of the dungeon, and saw 12 of its levels.
You also visited: Sewer and Bailey.

You collected 549 gold pieces.
You spent 161 gold pieces at shops.

Inventory:

Hand Weapons
 r - a +2 demon whip of electrocution (weapon)
 t - a +2 trident of pain
 H - a +0 halberd of flaming
 J - the +3 long sword of Megalomania {drain, *Noise rElec rPois Str+2}
   (You found it on level 5 of the Dungeon)

   A truly terrible weapon, it drains the life of any living foe it strikes.
   Str:       It affects your strength (+2).
   rElec:     It insulates you from electricity.
   rPois:     It protects you from poison.
   *Noise:    It may make noises in combat.
Missiles
 d - 4 boomerangs of dispersal
 i - 372 stones
 o - 106 arrows
 p - 113 bolts
 s - 15 poisoned darts (quivered)
 K - 40 sling bullets
 P - a throwing net
 U - 5 atropa-tipped darts
Armour
 e - a +2 pair of gloves (worn)
 l - a +0 pair of boots (worn)
 R - a +0 cloak of willpower (worn)
 V - a +1 ring mail of cold resistance
 W - +0 acid dragon scales (worn)
 Z - a +2 scale mail of fire resistance
Jewellery
 f - the ring of Meibreur (right hand) {+Blink Will+++ MP+9 Str+2 Dex-5}
   (You found it in a bailey)

   [ring of magical power]

   Str:       It affects your strength (+2).
   Dex:       It affects your dexterity (-5).
   MP:        It affects your magic capacity (+9).
   +Blink:    It lets you blink.
   Will:      It greatly increases your willpower.
 q - a +4 ring of protection (left hand)
 w - a +6 ring of strength
 x - a ring of fire
 L - a ring of positive energy
 N - a ring of poison resistance
 O - a ring of protection from fire
 S - an amulet of regeneration (around neck)
 X - a ring of fire
Wands
 Q - a wand of paralysis (7)
 T - a wand of flame (13)
 Y - a wand of mindburst (8)
Scrolls
 c - 2 scrolls of blinking
 j - a scroll of silence {unknown}
 k - 2 scrolls of teleportation {unknown}
 m - 2 scrolls of immolation
 n - 3 scrolls of enchant armour {unknown}
 v - 4 scrolls of fog {unknown}
 G - 3 scrolls of magic mapping
 M - 2 scrolls of fear {unknown}
Potions
 a - 2 potions of mutation
 b - 4 potions of magic
 g - 2 potions of might
 h - 3 potions of flight
 u - 6 potions of curing
 z - 3 potions of heal wounds
 B - 2 potions of haste
 C - 4 potions of ambrosia
 D - a potion of attraction {unknown}
 E - a potion of lignification
 F - a potion of invisibility {unknown}


   Skills:
 + Level 7.9 Fighting
 + Level 6.3 Short Blades
 + Level 6.3 Long Blades
 + Level 6.3 Axes
 + Level 6.3 Maces & Flails
 + Level 7.9 Polearms
 + Level 6.3 Staves
 + Level 6.3 Slings
 + Level 6.3 Bows
 + Level 6.3 Crossbows
 + Level 6.9 Throwing
 + Level 6.9 Armour
 + Level 7.9 Dodging
 + Level 6.3 Stealth
 + Level 6.3 Shields
 + Level 6.3 Unarmed Combat
 + Level 8.2 Spellcasting
 + Level 5.2 Conjurations
 + Level 5.2 Hexes
 + Level 5.2 Summonings
 + Level 5.2 Necromancy
 + Level 7.7 Translocations
 + Level 5.2 Transmutations
 + Level 5.2 Fire Magic
 + Level 5.2 Ice Magic
 + Level 5.2 Air Magic
 + Level 5.2 Earth Magic
 + Level 5.2 Poison Magic
 + Level 7.0 Invocations
 + Level 6.3 Evocations


You had 22 spell levels left.
You knew the following spells:

 Your Spells              Type           Power      Damage    Failure   Level
a - Blink                 Tloc           46%        N/A       1%          2
b - Poisonous Vapours     Pois/Air       34%        N/A       3%          2

Your spell library contained the following spells:

 Spells                   Type           Power      Damage    Failure   Level
 Pain                     Necr           68%        1d7       2%          1
 Gell's Gravitas          Tloc           23%        N/A       2%          3
 Lesser Beckoning         Tloc           23%        N/A       2%          3
 Teleport Other           Tloc           23%        N/A       2%          3
 Corpse Rot               Necr/Air       34%        N/A       3%          2
 Ozocubu's Armour         Ice            17%        N/A       6%          3
 Stone Arrow              Conj/Erth      34%        3d9       6%          3
 Vampiric Draining        Necr           17%        2d7       6%          3
 Manifold Assault         Tloc           23%        N/A       22%         5
 Metabolic Englaciation   Hex/Ice        8%         N/A       52%         5
 Dispersal                Tloc           11%        N/A       75%         6
 Lehudib's Crystal Spear  Conj/Erth      8%         10d4      100%        8
 Animate Skeleton         Necr           Unusable   N/A       N/A         1
 Animate Armour           Summ/Erth      Unusable   N/A       N/A         4
 Simulacrum               Ice/Necr       Unusable   N/A       N/A         6

Dungeon Overview and Level Annotations

Branches:
Dungeon (11/15)            Temple (1/1) D:4            Lair (0/6) D:9
    Orc (0/2) D:10          Sewer (visited)          Bailey (visited)

Altars:
Ashenzari
Cheibriados
Dithmenos
Elyvilon
Fedhas
Gozag
Hepliaklqana
Kikubaaqudgha
Makhleb
Nemelex Xobeh
Okawaru
Qazlal
Ru
Sif Muna
Trog
Uskayaw
Vehumet
Wu Jian
Xom
Yredelemnul
Zin
The Shining One

Shops:
D:4 [   D:8 [   D:9 (

Annotations:
D:4 Menkaure


Innate Abilities, Weirdness & Mutations

You have very sharp teeth.
Your uncanny sense of smell can sniff out nearby items.
Your experience applies equally to all skills.


Message History

You closely miss the centaur.
The centaur is moderately wounded.
The centaur shoots an arrow.
The arrow hits you. The centaur warrior hits you.
The centaur warrior closely misses you.
The centaur hits you but does no damage.
The centaur closely misses you.
Unknown command.
You whack the centaur!
The centaur is severely wounded.
You feel stable enough to blink again.
The centaur shoots an arrow.
The arrow barely misses you. The centaur warrior hits you!
The centaur warrior closely misses you. The centaur hits you.
The centaur kicks you but does no damage.
You barely miss the centaur.
The centaur is severely wounded.
The centaur shoots an arrow.
The arrow hits you! The centaur warrior hits you.
The centaur warrior closely misses you.
The centaur hits you but does no damage.
The centaur kicks you but does no damage.
Unknown command.
You hit the centaur. Your bite misses the centaur.
The centaur is almost dead.
The centaur shoots an arrow.
The arrow hits you. The centaur warrior hits you!
* * * LOW HITPOINT WARNING * * *
The centaur warrior kicks you.
* * * LOW HITPOINT WARNING * * *
The centaur closely misses you. The centaur misses you.
Casting: Blink (safe; 1% risk of failure)
Confirm with . or Enter, or press ? or * to list all spells.
Okay, then.
Okay, then.
Blink to where?
Press: ? - help, Dir - move target
As you read the scroll of blinking, it crumbles to dust.
The centaur shoots an arrow.
The arrow hits you.
* * * LOW HITPOINT WARNING * * *
The centaur warrior wields a +0 longbow.
The centaur warrior shoots an arrow.
The arrow hits you!
You die...

........##########.
####.....#
#...#..##
#.....#...#
#...####..## ...#
##..## ..# #...# .#
##..## ##@.#
####..## ##......#
##.?.....##
#.........##
#..........#
##.......V.##
#....ccc...#
#..........#


You could see a centaur warrior, a vampire and 2 centaurs.

Vanquished Creatures
  A hydra (D:6)
  2 two-headed ogres (D:10)
  Pikel (D:5)
  An orc knight (Bailey)
  2 deep elf pyromancers
  A troll (D:8)
  2 hornets
  Grinder (D:4)
  A meliai zombie (D:10)
  A vampire (D:10)
  A shadow (D:10)
  A yak (D:10)
  3 acid dragons
  A sky beast (D:6)
  Pargi (Sewer)
  A hornet zombie (D:8)
  13 orc warriors
  2 necrophages
  A centaur (D:6)
  4 ogres
  A bullfrog (D:8)
  2 kobold brigands
  2 scorpions
  A wyvern zombie (D:7)
  23 killer bees
  4 howler monkeys (D:8)
  A centaur zombie (D:9)
  A bullfrog zombie (D:5)
  A hound (D:4)
  2 jellies
  Crazy Yiuf (D:6)
  4 orc priests
  A bullfrog skeleton (D:7)
  5 orc wizards
  An iguana (D:6)
  6 gnolls
  A howler monkey skeleton (D:5)
  10 adders
  3 white imps
  An ufetubus (D:4)
  3 worms (D:3)
  4 dart slugs
  37 orcs
  10 ball pythons
  6 bats
  8 endoplasms
  2 giant cockroaches
  9 hobgoblins
  2 jackals (D:1)
  9 kobolds
  A quokka (D:3)
  8 frilled lizards
  4 goblins
  6 rats
221 creatures vanquished.

Notes
Turn   | Place    | Note
-------+----------+-------------------------------------------
     0 | D:1      | Ablot the Gnoll Warper began the quest for the Orb.
     0 | D:1      | Reached XP level 1. HP: 20/20 MP: 6/6
   102 | D:1      | Reached XP level 2. HP: 24/26 MP: 7/7
   612 | D:1      | Reached XP level 3. HP: 31/31 MP: 9/9
   625 | D:1      | Reached skill level 5 in Spellcasting
   861 | D:1      | Reached skill level 1 in Invocations
  1171 | D:2      | Reached skill level 1 in Short Blades
  1171 | D:2      | Reached skill level 1 in Long Blades
  1171 | D:2      | Reached skill level 1 in Axes
  1171 | D:2      | Reached skill level 1 in Maces & Flails
  1171 | D:2      | Reached skill level 1 in Staves
  1171 | D:2      | Reached skill level 1 in Slings
  1171 | D:2      | Reached skill level 1 in Bows
  1171 | D:2      | Reached skill level 1 in Crossbows
  1171 | D:2      | Reached skill level 1 in Stealth
  1171 | D:2      | Reached skill level 1 in Shields
  1171 | D:2      | Reached skill level 1 in Unarmed Combat
  1171 | D:2      | Reached skill level 1 in Evocations
  1171 | D:2      | Reached XP level 4. HP: 38/38 MP: 11/11
  1527 | D:2      | Reached skill level 1 in Conjurations
  1527 | D:2      | Reached skill level 1 in Hexes
  1527 | D:2      | Reached skill level 1 in Summonings
  1527 | D:2      | Reached skill level 1 in Necromancy
  1527 | D:2      | Reached skill level 1 in Transmutations
  1527 | D:2      | Reached skill level 1 in Fire Magic
  1527 | D:2      | Reached skill level 1 in Ice Magic
  1527 | D:2      | Reached skill level 1 in Air Magic
  1527 | D:2      | Reached skill level 1 in Earth Magic
  1527 | D:2      | Reached skill level 1 in Poison Magic
  2205 | D:3      | Reached XP level 5. HP: 39/43 MP: 12/12
  2534 | D:3      | Learned a level 2 spell: Blink
  2871 | D:4      | Found a stormy altar of Qazlal.
  2887 | D:4      | Found a glowing drain.
  2892 | Sewer    | Entered a sewer
  2926 | Sewer    | Noticed Pargi
  2947 | Sewer    | Killed Pargi
  2948 | Sewer    | Reached XP level 6. HP: 32/50 MP: 13/13
  3497 | D:4      | Noticed Grinder
  3640 | D:4      | Killed Grinder
  3641 | D:4      | Reached skill level 5 in Fighting
  3641 | D:4      | Reached skill level 5 in Polearms
  3641 | D:4      | Reached skill level 5 in Dodging
  3641 | D:4      | Reached XP level 7. HP: 46/56 MP: 15/15
  3687 | D:4      | Found Ygorink's Antique Armour Emporium.
  3691 | D:4      | Learned a level 2 spell: Poisonous Vapours
  3917 | D:4      | Noticed Menkaure
  4279 | D:4      | Found a staircase to the Ecumenical Temple.
  4284 | Temple   | Entered the Ecumenical Temple
  4338 | Temple   | Became a worshipper of Warmaster Okawaru
  4487 | D:4      | Found a hazy altar of Hepliaklqana.
  4487 | D:4      | Found a faded altar of an unknown god.
  4639 | D:5      | Entered Level 5 of the Dungeon
  4888 | D:5      | Found a sparkling altar of Nemelex Xobeh.
  4909 | D:5      | Reached XP level 8. HP: 59/63 MP: 16/16
  5251 | D:5      | Identified the +3 long sword of Megalomania {drain, *Noise
                  | rElec rPois Str+2}
  5438 | D:6      | Noticed Pikel
  5470 | D:5      | Killed Pikel
  5470 | D:5      | Reached * piety under Okawaru
  5471 | D:5      | Reached skill level 6 in Spellcasting
  5712 | D:6      | Reached XP level 9. HP: 69/69 MP: 18/18
  5722 | D:6      | Found a runed translucent door.
  5723 | D:6      | Noticed Crazy Yiuf
  5737 | D:6      | Killed Crazy Yiuf
  5737 | D:6      | Reached ** piety under Okawaru
  6155 | D:6      | Noticed a six-headed hydra
  6170 | D:6      | Killed a six-headed hydra
  6171 | D:6      | Reached skill level 5 in Throwing
  6171 | D:6      | Reached skill level 5 in Armour
  6408 | D:6      | Reached *** piety under Okawaru
  6680 | D:7      | Found a broken altar of Ashenzari.
  6803 | D:7      | Reached skill level 5 in Invocations
  7780 | D:8      | Reached skill level 7 in Spellcasting
  7825 | D:8      | Noticed a troll
  7850 | D:8      | Killed a troll
  7850 | D:8      | Received a gift from Okawaru
  7851 | D:8      | Reached XP level 10. HP: 51/77 MP: 18/20
  7993 | D:8      | Reached skill level 5 in Short Blades
  7993 | D:8      | Reached skill level 5 in Long Blades
  7993 | D:8      | Reached skill level 5 in Axes
  7993 | D:8      | Reached skill level 5 in Maces & Flails
  7993 | D:8      | Reached skill level 5 in Staves
  7993 | D:8      | Reached skill level 5 in Slings
  7993 | D:8      | Reached skill level 5 in Bows
  7993 | D:8      | Reached skill level 5 in Crossbows
  7993 | D:8      | Reached skill level 5 in Stealth
  7993 | D:8      | Reached skill level 5 in Shields
  7993 | D:8      | Reached skill level 5 in Unarmed Combat
  7993 | D:8      | Reached skill level 5 in Evocations
  8409 | D:8      | Found Soata's Armour Boutique.
  8417 | D:8      | Bought a +0 cloak of willpower for 161 gold pieces
  8794 | D:9      | Found a blossoming altar of Fedhas.
  8996 | D:9      | Noticed a deep elf pyromancer
  9006 | D:9      | Killed a deep elf pyromancer
  9006 | D:9      | Reached **** piety under Okawaru
  9013 | D:9      | Found Modeereg's Antique Weapon Shoppe.
  9305 | D:9      | Received a gift from Okawaru
  9693 | D:9      | Found a shimmering blue altar of Sif Muna.
  9777 | D:9      | Found a staircase to the Lair.
  9808 | D:10     | Entered Level 10 of the Dungeon
  9838 | D:10     | Found a flagged portal.
  9892 | Bailey   | Entered a bailey
 10084 | Bailey   | Noticed an orc knight
 10093 | Bailey   | Killed an orc knight
 10094 | Bailey   | Reached XP level 11. HP: 81/84 MP: 7/22
 10227 | Bailey   | Found a large runed translucent door.
 10227 | Bailey   | Found a large runed translucent door.
 10228 | Bailey   | Noticed a deep elf pyromancer
 10321 | Bailey   | Killed a deep elf pyromancer
 10322 | Bailey   | Reached skill level 5 in Conjurations
 10322 | Bailey   | Reached skill level 5 in Hexes
 10322 | Bailey   | Reached skill level 5 in Summonings
 10322 | Bailey   | Reached skill level 5 in Necromancy
 10322 | Bailey   | Reached skill level 5 in Transmutations
 10322 | Bailey   | Reached skill level 5 in Fire Magic
 10322 | Bailey   | Reached skill level 5 in Ice Magic
 10322 | Bailey   | Reached skill level 5 in Air Magic
 10322 | Bailey   | Reached skill level 5 in Earth Magic
 10322 | Bailey   | Reached skill level 5 in Poison Magic
 10327 | Bailey   | Identified the ring of Meibreur {+Blink Will+++ MP+9 Str+2
                  | Dex-5}
 10498 | D:10     | Identified the +1 mace of Infinity {freeze, +Blink Str+3}
 10540 | D:10     | Found a staircase to the Orcish Mines.
 10600 | D:10     | Noticed a two-headed ogre
 10602 | D:10     | Reached skill level 8 in Spellcasting
 10608 | D:10     | Killed a two-headed ogre
 10608 | D:10     | Reached ***** piety under Okawaru
 10676 | D:10     | Noticed a two-headed ogre
 10686 | D:10     | Killed a two-headed ogre
 10945 | D:10     | HP: 3/86 [something (11)]
 11072 | D:10     | Received a gift from Okawaru
 11367 | D:11     | Noticed a centaur warrior
 11378 | D:11     | Shot with an arrow by a centaur warrior

Illustrated notes

Levels and vault maps discovered:
D:1:      minmay_arrival_diagonal_passages, layout_loops_ring
D:2:      layout_loops_ring
D:3:      layout_basic
D:4:      layout_loops_corners, beargit_hepliaklqana_dungeon_heroes,
          overflow_temple_1_default, minmay_temple_entry_nine_rooms,
          serial_shops, nicolae_inconvenience_store, portal_sewer_entry_e,
          minivault_1, uniq_grinder, uniq_menkaure
D:5:      layout_basic, lemuel_tele_altar
D:6:      layout_cave_pods, uniq_crazy_yiuf_cottage, uniq_pikel
D:7:      layout_layer_cave, nicolae_ashenzari_panopticon
D:8:      layout_basic, serial_shops, shop, grunt_ministairs_2
D:9:      layout_loops_ring, mainiacjoe_overflow_small_starburst,
          kennysheep_little_box, lair_entry_dummy, serial_shops,
          nicolae_shop_advertising_works [nicolae_subvault_shop_adworks]
D:10:     layout_basic, david_orc_2, enter_bailey_7, kennysheep_generic_room_6
D:11:     minmay_mutant_horseshoe, layout_cave_pods, gammafunk_ghost_hydra_chop
Temple:   nicolae_temple_x_marks_the_god

Skill      XL: |  1  2  3  4  5  6  7  8  9 10 11 |
---------------+----------------------------------+-----
Spellcasting   | 5 6 7 8 |  8.2
Invocations    | 1 2 3 4 5 6 7 |  7.0
Short Blades   | 1 2 3 4 5 6 |  6.3
Long Blades    | 1 2 3 4 5 6 |  6.3
Axes           | 1 2 3 4 5 6 |  6.3
Maces & Flails | 1 2 3 4 5 6 |  6.3
Staves         | 1 2 3 4 5 6 |  6.3
Slings         | 1 2 3 4 5 6 |  6.3
Bows           | 1 2 3 4 5 6 |  6.3
Crossbows      | 1 2 3 4 5 6 |  6.3
Stealth        | 1 2 3 4 5 6 |  6.3
Shields        | 1 2 3 4 5 6 |  6.3
Unarmed Combat | 1 2 3 4 5 6 |  6.3
Evocations     | 1 2 3 4 5 6 |  6.3
Conjurations   | 1 2 3 4 5 |  5.2
Hexes          | 1 2 3 4 5 |  5.2
Summonings     | 1 2 3 4 5 |  5.2
Necromancy     | 1 2 3 4 5 |  5.2
Transmutations | 1 2 3 4 5 |  5.2
Fire Magic     | 1 2 3 4 5 |  5.2
Ice Magic      | 1 2 3 4 5 |  5.2
Air Magic      | 1 2 3 4 5 |  5.2
Earth Magic    | 1 2 3 4 5 |  5.2
Poison Magic   | 1 2 3 4 5 |  5.2
Throwing       | 3 4 5 6 |  6.9
Armour         | 3 4 5 6 |  6.9
Fighting       | 5 6 7 |  7.9
Polearms       | 5 6 7 |  7.9
Dodging        | 5 6 7 |  7.9
Translocations | 6 7 |  7.7

Action                   |  1- 3 |  4- 6 |  7- 9 | 10-12 || total
-------------------------+-------+-------+-------+-------++-------
Melee: Spear             |   107 |   107 |    72 |   135 ||   421
       Bite              |     7 |    17 |    23 |    28 ||    75
       Punch             |     1 |       |    10 |    15 ||    26
       Trident           |       |    80 |   248 |   161 ||   489
       Long sword        |       |       |    12 |       ||    12
       Dagger            |       |       |       |    17 ||    17
       Demon whip        |       |       |       |    86 ||    86
Throw: Dart              |       |     1 |    27 |    28 ||    56
       Boomerang         |       |       |     1 |       ||     1
 Cast: Blink             |       |       |     4 |     2 ||     6
       Poisonous Vapours |       |       |       |    42 ||    42
Invok: Heroism           |       |       |     3 |     6 ||     9
       Finesse           |       |       |       |     1 ||     1
Evoke: Wand              |       |     3 |     4 |     2 ||     9
  Use: Scroll            |       |       |     1 |    18 ||    19
       Potion            |       |       |       |     4 ||     4
 Stab: Sleeping          |     1 |     3 |     7 |     3 ||    14
       Distracted        |       |     1 |       |       ||     1
Armor: Leather armour    |    20 |    70 |       |       ||    90
       Troll leather arm |       |     8 |    95 |   130 ||   233
       Acid dragon scale |       |       |       |    37 ||    37
       Skin              |       |       |       |     6 ||     6
Dodge: Dodged            |    49 |    93 |   177 |   259 ||   578
